 Dungeon Crawl Stone Soup version 0.29-a0-6-ga859fcf985 (webtiles) character file.

Game seed: 4875283338989050577

90480 Nattfarinn the Eclecticist (level 16, -1/85 HPs)
             Began as a Vine Stalker Gladiator on Jan 27, 2022.
             Was a Believer of Uskayaw.
             Shot with a bolt by an orc knight (18 damage)
             ... on level 2 of the Orcish Mines.
             The game lasted 00:55:56 (21976 turns).

Nattfarinn the Eclecticist (VSGl)                  Turns: 21976, Time: 00:55:57

Health: -1/85      AC: 10    Str: 26    XL:     16   Next: 0%
Magic:  0/36       EV: 21    Int:  8    God:    Uskayaw [**....]
Gold:   2037       SH:  0    Dex: 18    Spells: 41/46 levels left

rFire   + . .      SeeInvis .   a - +9 quick blade
rCold   + . .      Faith    +   (no shield)
rNeg    . . .      Spirit   +   F - +0 steam dragon scales
rPois   .          Reflect  .   c - +0 helmet
rElec   .          Harm     .   t - scarf {rC+ rF+}
rCorr   .          Rampage  .   K - +0 pair of gloves
Will    ++...                   g - +2 pair of boots
Stlth   ++........              C - amulet of faith
HPRegen 1.04/turn               j - +4 ring of evasion
MPRegen 0.25/turn               h - ring "Dodunuan" {EV+4 Str+3}

@: no status effects
A: fangs 3, regeneration 1, magic shield, antimagic bite, no potion heal 2
a: Renounce Religion, Stomp, Line Pass


You were on level 2 of the Orcish Mines.
You worshipped Uskayaw.
Uskayaw was aware of your devotion.
You visited 4 branches of the dungeon, and saw 23 of its levels.
You also visited: Ice Cave.

You collected 2197 gold pieces.
You spent 160 gold pieces at shops.

Inventory:

Hand Weapons
 a - a +9 quick blade (weapon)
 G - a +2 hunting sling of flaming
 X - the +9 whip of Uskayaw's Approval {flame, rElec MP+9 Stlth+}
   (You found it on level 4 of the Lair of Beasts)

   It burns those it strikes, dealing additional fire damage.
   rElec:     It insulates you from electricity.
   MP:        It affects your magic capacity (+9).
   Stlth:     It makes you more stealthy.
Missiles
 d - 5 throwing nets (quivered)
Armour
 c - a +0 helmet (worn)
 g - a +2 pair of boots (worn)
 t - a scarf of resistance (worn)
 B - the +2 ratskin cloak {*Rats rPois rN+ Str-1 Int-1 Dex+1}
   (You found it on level 6 of the Dungeon)

   When the wearer is hurt, rats may emerge from it to assist them.
   Str:       It affects your strength (-1).
   Int:       It affects your intelligence (-1).
   Dex:       It affects your dexterity (+1).
   rPois:     It protects you from poison.
   rN:        It protects you from negative energy.
 F - +0 steam dragon scales (worn)
 H - a +3 ring mail of cold resistance
 K - a +0 pair of gloves (worn)
Jewellery
 h - the ring "Dodunuan" (right hand) {EV+4 Str+3}
   (You bought it in a shop on level 8 of the Dungeon)

   [ring of evasion]

   EV:        It affects your evasion (+4).
   Str:       It affects your strength (+3).
 j - a +4 ring of evasion (left hand)
 p - a ring of protection from fire
 v - a ring of willpower
 x - a +4 ring of evasion
 C - an amulet of faith (around neck)
 E - an amulet of the acrobat
 J - a +6 ring of strength
 P - a +6 ring of dexterity
 Q - a ring of wizardry
 Y - a ring of protection from cold
 Z - a ring of flight
Wands
 r - a wand of polymorph (4)
 u - a wand of iceblast (22)
 w - a wand of flame (16)
 D - a wand of acid (9)
 T - a wand of digging (2)
 W - a wand of paralysis (8)
Scrolls
 b - 5 scrolls of amnesia
 e - 2 scrolls of fear
 f - a scroll of holy word
 i - a scroll of fog
 k - 10 scrolls of teleportation
 l - 2 scrolls of silence
 q - 4 scrolls of enchant weapon
 y - a scroll of blinking
 M - 2 scrolls of vulnerability
 U - a scroll of immolation
 V - a scroll of enchant armour
Potions
 m - 5 potions of mutation
 n - 10 potions of curing
 o - 2 potions of haste
 s - 2 potions of flight
 z - 4 potions of attraction
 A - 2 potions of might
 I - a potion of cancellation
 L - 3 potions of magic
 N - 2 potions of berserk rage
 O - 2 potions of lignification
 R - 12 potions of ambrosia
Miscellaneous
 S - a phantom mirror


   Skills:
 * Level 10.3 Fighting
 - Level 14.0 Short Blades
 - Level 1.7 Throwing
 - Level 2.4 Dodging
 - Level 15.8 Spellcasting
 - Level 10.0 Earth Magic
 - Level 11.0 Invocations


You had 41 spell levels left.
You knew the following spells:

 Your Spells              Type           Power      Damage    Failure   Level
a - Lee's Rapid Deconstr  Erth           11%        3d9*      3%          5

Your spell library contained the following spells:

 Spells                   Type           Power      Damage    Failure   Level
 Passwall                 Tmut/Erth      11%        N/A       1%          2
 Animate Skeleton         Necr           12%        N/A       9%          1
 Pain                     Necr           24%        1d5       9%          1
 Leda's Liquefaction      Hex/Erth       7%         N/A       11%         4
 Ensorcelled Hibernation  Hex/Ice        12%        N/A       13%         2
 Scorch                   Fire           12%        2d5       13%         2
 Dazzling Flash           Conj/Hex       12%        N/A       26%         3
 Frozen Ramparts          Ice            12%        1d3       26%         3
 Ignite Poison            Fire/Tmut/Pois 6%         N/A       26%         3
 Mephitic Cloud           Conj/Pois/Air  6%         N/A       26%         3
 Ozocubu's Armour         Ice            6%         N/A       26%         3
 Swiftness                Air            6%         N/A       26%         3
 Vampiric Draining        Necr           6%         2d6       26%         3
 Flame Wave               Conj/Fire      6%         2d5       65%         4
 Ice Form                 Ice/Tmut       6%         N/A       65%         4
 Passage of Golubria      Tloc           6%         N/A       65%         4
 Summon Ice Beast         Ice/Summ       6%         N/A       65%         4
 Statue Form              Tmut/Erth      9%         N/A       86%         6
 Agony                    Necr           6%         N/A       94%         5
 Freezing Cloud           Conj/Ice/Air   3%         6-21      94%         5
 Metabolic Englaciation   Hex/Ice        3%         N/A       94%         5
 Silence                  Hex/Air        3%         N/A       94%         5
 Simulacrum               Ice/Necr       3%         N/A       100%        6
 Summon Cactus Giant      Summ           3%         N/A       100%        6
 Lehudib's Crystal Spear  Conj/Erth      7%         10d3      100%        8


Dungeon Overview and Level Annotations

Branches:
Dungeon (14/15)            Temple (1/1) D:5            Lair (6/6) D:11
 Shoals (0/4) Lair:3       Spider (0/4) Lair:4        Slime (0/5) Lair:6
    Orc (2/2) D:11         Vaults (0/5) D:14          IceCv (visited)
    Elf: Orc:2

Altars:
Ashenzari
Cheibriados
Dithmenos
Elyvilon
Fedhas
Gozag
Hepliaklqana
Kikubaaqudgha
Makhleb
Nemelex Xobeh
Okawaru
Qazlal
Ru
Sif Muna
Trog
Uskayaw
Vehumet
Wu Jian
Xom
Yredelemnul
Zin
The Shining One
Jiyva

Shops:
D:8 *

Portals:
Abyss: Lair:3

Annotations:
D:11 3 runed translucent doors, Bzinder's ghost, novice SpEn
Lair:3 2 transporters, Tevar's ghost, journeyman TrAK
Lair:4 2 transporters
Lair:6 2 transporters, Ybifatz's ghost, journeyman SpEn


Innate Abilities, Weirdness & Mutations

You have razor-sharp teeth.
Your natural rate of healing is unusually fast.
When hurt, damage is shared between your health and your magic reserves.
Your bite disrupts and absorbs the magic of your enemies.
Potions cannot restore your health.


Message History

You hit the orc knight. Your bite misses the orc knight.
The orc knight is heavily wounded.
Uskayaw will force your foes to share their pain.
You hit the orc knight.
You bite the orc knight, but do no damage.
The orc knight is heavily wounded.
You hit the orc knight but do no damage.
Your bite misses the orc knight.
The orc knight is heavily wounded.
The orc knight hits you with a +2 bardiche!!
* * * LOW HITPOINT WARNING * * *
You hear a shout!
You barely miss the orc knight.
The orc knight is heavily wounded.
Aiming: Line Pass
Press: ? - help, Dir - move target The orc knight appears confused.
An orc warrior comes into view. It is wielding a +0 short sword.
The orc warrior shouts!
The orc knight hits you with a +2 bardiche!!
* * * LOW HITPOINT WARNING * * *
The orc unwields a +0 trident.
The orc wields a +0 arbalest.
The orc shoots a bolt.
The bolt completely misses you.
You hit the orc knight.
You bite the orc knight, but do no damage.
The orc knight is heavily wounded.
You puncture the orc knight!
You bite the orc knight, but do no damage.
The orc knight is severely wounded.
The orc knight misses you.
As you read the scroll of fear, it crumbles to dust.
You assume a fearsome visage.
The orc looks frightened!
The orc warrior looks frightened!
The orc knight looks frightened!
An orc warrior comes into view. It is wielding a +0 hand axe.
As you read the scroll of fog, it crumbles to dust.
The scroll dissolves into smoke.
An orc warrior comes into view. It is wielding a +0 battleaxe.
The orc knight unwields a +2 bardiche.
The orc knight wields a +0 arbalest.
The orc knight shoots a bolt.
The bolt hits you!!
You die...

.........§§.............).
#.........§§§§§..o#########
..........§§§§§§.##
.......))§§§§§###
............§#§##
###.#.....).....#
##......#...o.##
##.....##.....#
####.#.@.)..#.####
###.#..).....)####.##
##....)........[.....####
#.........##.#..[)...##.##
##.......#.###...........#
#..........##..........##
##........###..........###
####.#....#............##
##.##.#.............#.


You could see an orc knight.

Vanquished Creatures
  Nessos (Lair:4)
  Fannar (Lair:3)
  7 hydras
  A rakshasa (D:11)
  3 vault guards (D:14)
  3 boulder beetles
  An ogre mage (D:12)
  4 centaur warriors
  2 death knights
  5 two-headed ogres
  2 death yaks (Lair:5)
  An orc high priest (Orc:2)
  2 tengu warriors
  Sonja (Lair:5)
  A deep elf archer (D:14)
  2 deep elf pyromancers
  3 wizards (D:14)
  A necromancer (D:14)
  An orc knight (Orc:1)
  A moth of wrath (Lair:5)
  3 ugly things
  3 cyclopes
  5 manticores
  Joseph (D:7)
  2 ice statues (IceCv)
  8 centaur zombies
  4 black mambas
  11 elephants
  A gargoyle (D:11)
  Maggie (D:7)
  An unseen horror (D:11)
  3 torpor snails (Lair:5)
  9 cane toads
  A rime drake (shapeshifter) (D:14)
  5 komodo dragons
  Psyche (D:8)
  2 rime drakes
  2 ice devils (Lair:5)
  3 kobold demonologists (D:12)
  2 freezing wraiths
  A meliai (D:14)
  2 queen bees
  2 trolls
  4 polar bears (Lair:6)
  7 hornets
  14 blink frogs
  A tyrant leech (Lair:5)
  A hornet (shapeshifter) (D:13)
  6 slime creatures
  13 dream sheep
  A jumping spider (Lair:4)
  A snapping turtle (Lair:3)
  A spriggan (shapeshifter) (D:14)
  A vampire (D:11)
  A centaur simulacrum (D:14)
  12 spriggans (Lair:6)
  A shadow (D:11)
  2 water elementals (D:12)
  5 wraiths
  6 wyverns
  18 humans (D:14)
  3 basilisks
  3 steam dragons
  56 yaks
  6 vampire mosquitoes (D:13)
  Menkaure (D:5)
  4 acid dragons
  2 swamp worms (Lair:5)
  6 wargs
  19 orc warriors
  18 water moccasins
  6 black bears
  An ice beast (D:6)
  A sky beast (D:7)
  4 boggarts (Lair:6)
  9 ogres
  22 centaurs
  41 wolves
  A kobold brigand (D:12)
  10 bullfrogs
  A gnoll sergeant (D:10)
  3 scorpions
  57 killer bees
  5 howler monkeys
  4 wights
  10 electric eels
  2 jellies
  A centaur skeleton (D:7)
  11 orc priests
  A hound (D:6)
  8 iguanas
  Natasha (thrice) (D:3)
  10 orc wizards
  8 hell rats
  A scorpion zombie (D:5)
  3 polar bear simulacra (IceCv)
  A killer bee zombie (D:7)
  A hound zombie (D:5)
  13 river rats (D:6)
  4 adders
  A howler monkey skeleton (D:7)
  2 shadow imps
  A white imp (D:4)
  An adder zombie (D:5)
  2 worms
  5 dart slugs
  46 orcs
  15 endoplasms
  8 giant cockroaches
  6 goblins
  8 hobgoblins
  3 jackals (D:4)
  5 quokkas
  6 ball pythons
  4 bats
  7 frilled lizards
  9 kobolds
  10 rats
710 creatures vanquished.

Vanquished Creatures (collateral kills)
  A hydra (Lair:3)
  A cyclops (D:10)
  A cane toad (Lair:4)
  A wraith (D:11)
  A water moccasin (Lair:3)
5 creatures vanquished.

Vanquished Creatures (others)
  A kobold (D:12)
  38 fungi
  67 plants
106 creatures vanquished.

Grand Total: 821 creatures vanquished

Notes
Turn   | Place    | Note
-------+----------+-------------------------------------------
     0 | D:1      | Nattfarinn the Vine Stalker Gladiator began the quest for
                  | the Orb.
     0 | D:1      | Reached XP level 1. HP: 11/11 MP: 2/2
   150 | D:1      | Found a faded altar of an unknown god.
   208 | D:1      | Reached XP level 2. HP: 7/15 MP: 3/3
   720 | D:1      | Reached XP level 3. HP: 18/18 MP: 4/4
  1405 | D:2      | Gained mutation: Your natural rate of healing is unusually
                  | fast. [Vine Stalker growth]
  1405 | D:2      | Reached XP level 4. HP: 20/23 MP: 3/5
  1961 | D:3      | Noticed Natasha
  1973 | D:3      | Killed Natasha
  1974 | D:3      | Reached XP level 5. HP: 23/28 MP: 4/6
  2442 | D:3      | Noticed Natasha
  2451 | D:3      | Killed Natasha
  2635 | D:3      | Noticed Natasha
  2648 | D:3      | Killed Natasha
  2676 | D:4      | Noticed an ogre
  2687 | D:4      | Killed an ogre
  2688 | D:4      | Reached skill level 5 in Short Blades
  2688 | D:4      | Reached XP level 6. HP: 15/32 MP: 2/7
  3005 | D:4      | You fall into a shaft and drop 3 floors!
  3093 | D:5      | Entered Level 5 of the Dungeon
  3147 | D:5      | Reached XP level 7. HP: 37/37 MP: 8/8
  3641 | D:4      | Found a bloodstained altar of Trog.
  3706 | D:5      | Noticed Menkaure
  3785 | D:5      | Killed Menkaure
  3818 | D:5      | Found a staircase to the Ecumenical Temple.
  3832 | Temple   | Entered the Ecumenical Temple
  4086 | Temple   | Became a worshipper of Uskayaw the Reveller
  4157 | D:5      | Reached * piety under Uskayaw
  4162 | D:5      | Reached ** piety under Uskayaw
  4172 | D:5      | Reached skill level 5 in Fighting
  4172 | D:5      | Gained mutation: You have razor-sharp teeth. [Vine Stalker
                  | growth]
  4172 | D:5      | Reached XP level 8. HP: 16/43 MP: 5/9
  4344 | D:5      | Reached skill level 1 in Spellcasting
  4500 | D:5      | Reached skill level 2 in Spellcasting
  4602 | D:6      | Reached *** piety under Uskayaw
  4603 | D:6      | Reached skill level 3 in Spellcasting
  4607 | D:6      | Reached **** piety under Uskayaw
  4610 | D:6      | Reached ***** piety under Uskayaw
  4731 | D:6      | Reached skill level 4 in Spellcasting
  4731 | D:6      | Reached XP level 9. HP: 44/47 MP: 13/16
  5006 | D:6      | Found the +2 ratskin cloak {*Rats rPois rN+ Str-1 Int-1
                  | Dex+1}
  5014 | D:6      | Reached ****** piety under Uskayaw
  5103 | D:6      | Found an ancient bone altar of Kikubaaqudgha.
  5104 | D:6      | Found an ornate altar of the Wu Jian Council.
  5107 | D:6      | Found a basalt altar of Yredelemnul.
  5133 | D:6      | Found a sparkling altar of Nemelex Xobeh.
  5513 | D:6      | Reached skill level 5 in Spellcasting
  5743 | D:7      | Reached skill level 6 in Spellcasting
  5828 | D:7      | Noticed Maggie
  5845 | D:7      | Killed Maggie
  5966 | D:7      | Noticed Joseph
  5985 | D:7      | Killed Joseph
  5986 | D:7      | Reached skill level 7 in Spellcasting
  6301 | D:8      | Noticed a two-headed ogre
  6373 | D:7      | Killed a two-headed ogre
  6374 | D:7      | Reached skill level 8 in Spellcasting
  6374 | D:7      | Reached XP level 10. HP: 51/51 MP: 21/23
  6421 | D:8      | Identified the +6 rapier "Fih Gip" {freeze, *Noise rF+
                  | Str+3 Int+4 Stlth+}
  6560 | D:8      | Found an iron altar of Okawaru.
  6637 | D:8      | Noticed Psyche
  6643 | D:8      | Killed Psyche
  6644 | D:8      | Reached skill level 9 in Spellcasting
  6681 | D:8      | Found Dousuu's Assorted Antiques.
  6687 | D:8      | Bought a sparkling jade ring for 160 gold pieces
  6687 | D:8      | Identified the ring "Dodunuan" {EV+4 Str+3} (You bought it
                  | in a shop on level 8 of the Dungeon)
  6713 | D:8      | Found a glowing golden altar of the Shining One.
  6740 | D:8      | Found a hazy altar of Hepliaklqana.
  7006 | D:9      | Reached skill level 10 in Short Blades
  7017 | D:9      | Reached skill level 1 in Invocations
  7339 | D:9      | Reached skill level 5 in Invocations
  7416 | D:9      | Reached XP level 11. HP: 53/56 MP: 23/25
  7994 | D:10     | Entered Level 10 of the Dungeon
  8276 | D:10     | Noticed a two-headed ogre
  8295 | D:10     | Killed a two-headed ogre
  9073 | D:11     | Noticed a seven-headed hydra
  9184 | D:10     | Learned a level 5 spell: Lee's Rapid Deconstruction
  9303 | D:11     | Killed a seven-headed hydra
  9304 | D:11     | Reached skill level 1 in Earth Magic
  9367 | D:11     | Noticed a rakshasa
  9382 | D:11     | Killed a rakshasa
  9423 | D:11     | Noticed a brown ugly thing
  9643 | D:9      | Killed a brown ugly thing
  9644 | D:9      | Reached XP level 12. HP: 60/60 MP: 26/26
 10037 | D:11     | Found a staircase to the Lair.
 10049 | D:11     | Noticed a boulder beetle
 10054 | D:11     | Reached skill level 5 in Earth Magic
 10075 | D:11     | Killed a boulder beetle
 10153 | D:11     | Found a sacrificial altar of Ru.
 10235 | D:11     | Found a runed translucent gate.
 10235 | D:11     | Found a runed translucent gate.
 10235 | D:11     | Found a runed translucent gate.
 10238 | D:11     | Noticed Bzinder's ghost (novice SpEn)
 10243 | D:11     | Found a viscous altar of Jiyva.
 10261 | D:11     | Found a staircase to the Orcish Mines.
 10571 | Lair:1   | Entered Level 1 of the Lair of Beasts
 10667 | Lair:1   | Noticed a six-headed hydra
 10675 | Lair:1   | Killed a six-headed hydra
 11451 | Lair:2   | Reached skill level 10 in Invocations
 12339 | Lair:3   | Reached XP level 13. HP: 64/64 MP: 25/27
 12360 | Lair:3   | Found a transporter.
 12388 | Lair:3   | Noticed Fannar
 12400 | Lair:3   | Killed Fannar
 12745 | Lair:3   | Found a staircase to the Shoals.
 12860 | Lair:3   | Noticed Tevar's ghost (journeyman TrAK)
 12940 | Lair:3   | Found a one-way gate to the infinite horrors of the Abyss.
 12946 | Lair:3   | Found a transporter.
 13248 | Lair:3   | Reached skill level 10 in Earth Magic
 13488 | Lair:4   | Found a transporter.
 13494 | Lair:4   | Found a transporter.
 13684 | Lair:4   | Found a hole to the Spider Nest.
 13784 | Lair:4   | Noticed Nessos
 13799 | Lair:4   | Killed Nessos
 13880 | Lair:4   | Identified the +9 whip of Uskayaw's Approval {flame, rElec
                  | MP+9 Stlth+}
 14346 | Lair:5   | Found a frozen archway.
 14365 | IceCv    | Entered an ice cave
 14373 | IceCv    | Found a transporter.
 14406 | IceCv    | Found a transporter.
 14719 | IceCv    | Identified 2 scrolls of acquirement
 14719 | IceCv    | Acquired a ring of flight
 14722 | IceCv    | Acquired a +9 quick blade
 14941 | Lair:5   | Reached skill level 10 in Spellcasting
 14941 | Lair:5   | Reached XP level 14. HP: 42/68 MP: 18/29
 15038 | Lair:5   | Reached skill level 11 in Spellcasting
 15276 | Lair:5   | Noticed Sonja
 15289 | Lair:5   | Killed Sonja
 15833 | Lair:6   | Entered Level 6 of the Lair of Beasts
 15847 | Lair:6   | Reached skill level 12 in Spellcasting
 15922 | Lair:6   | Found a transporter.
 16003 | Lair:6   | Found a staircase to the Slime Pits.
 16143 | Lair:6   | Reached skill level 13 in Spellcasting
 16190 | Lair:6   | Found a transporter.
 16544 | Lair:6   | Reached skill level 14 in Spellcasting
 16802 | Lair:6   | Reached XP level 15. HP: 69/72 MP: 34/34
 16921 | Lair:6   | Identified the +4 hand axe of Uncertain Death {distort,
                  | *Noise rCorr Str+4}
 17044 | Lair:6   | Noticed Ybifatz's ghost (journeyman SpEn)
 17519 | D:12     | Reached skill level 15 in Spellcasting
 20204 | D:14     | Found a gate to the Vaults.
 20391 | D:14     | Found a glowing golden altar of the Shining One.
 20391 | D:14     | Found a white marble altar of Elyvilon.
 20392 | D:14     | Found a glowing silver altar of Zin.
 20994 | Orc:1    | Entered Level 1 of the Orcish Mines
 21162 | Orc:2    | Entered Level 2 of the Orcish Mines
 21539 | Orc:1    | Reached skill level 10 in Fighting
 21926 | Orc:2    | Reached XP level 16. HP: 61/85 MP: 21/36
 21976 | Orc:2    | Shot with a bolt by an orc knight

Illustrated notes

Levels and vault maps discovered:
D:1:      tarquinn_simple_flora_water_b, layout_loops_ring,
          ebering_ecumenical_altar_box, minmay_misc_feat_cross
D:2:      layout_rooms
D:3:      layout_loops_corners, uniq_natasha
D:4:      layout_loops_ring, kennysheep_little_box
D:5:      layout_cave_pools, minmay_temple_entry_junction, uniq_menkaure
D:6:      wander_guarded_unrand_ratskin, layout_cave_pools,
          nemelex_diamond_rough_becter, minitemple, gup_sewer_entry_pipe,
          hangedman_abyss_or_decor_slice, eino_tiny_chamber, centaur_isle
D:7:      layout_basic, uniq_joseph, uniq_maggie
D:8:      layout_cave_pools, kennysheep_okawaru_gauntlet,
          mainiacjoe_overflow_swirl, serial_shops, shop, uniq_psyche
D:9:      layout_basic, minmay_lizard_king
D:10:     wad_woods_structure_01, layout_long_grid, special_room
          [special_room_orc]
D:11:     layout_rooms, erik_lair_orcish_takeover, special_room
          [special_room_bee], gammafunk_ghost_ooze, minmay_ruined_shrine
D:12:     layout_roguey, kennysheep_boxes
D:13:     layout_gridville
D:14:     layout_basic, grunt_vaults_entry_tiered, good_gods_temple_1,
          corexii_leaking_fountain, minivault_28
Temple:   dpeg_chambers_temple
Lair:1:   layout_roguey, st_stairs_11, chequers_serial_rivers_room_a,
          chequers_serial_rivers_large_b, grunt_megastairs_5
Lair:2:   layout_cave_pods
Lair:3:   regret_index_wax_grids, layout_long_grid, minmay_shoals_entry_hut,
          gammafunk_ghost_abyssal_escape, uniq_fannar
Lair:4:   gammafunk_boulding_lane, layout_long_grid, spider_nest_entry_rubble,
          serial_bayou_shore_a, infiniplex_staircase_pool, lemuel_fruit_tree,
          uniq_nessos
Lair:5:   layout_regular_city, portal_ice_cave_demonic_guard, worms_lemuel,
          grunt_megastairs_3, uniq_sonja
Lair:6:   minmay_lair_end_enchanted_forest, layout_regular_city,
          dpeg_slime_entry_corner, nzn_ghost_randoct, grunt_megastairs_2
Orc:1:    layout_caves, serial_shops, shop
Orc:2:    st_orc_rangers, layout_diamond_mine, nicolae_orc_damp_corner

Skill      XL: |  1  2  3  4  5  6  7  8  9 10 11 12 13 14 15 |
---------------+----------------------------------------------+-----
Fighting       | 2 3 4 5 10 | 10.3
Short Blades   | 3 4 5 7 8 9 10 11 12 14 | 14.0
Spellcasting   | 4 8 9 10 14 15 | 15.8
Invocations    | 5 8 10 11 | 11.0
Earth Magic    | 3 8 10 | 10.0
Throwing       | |  1.7
Dodging        | |  2.4

Action                   |  1- 3 |  4- 6 |  7- 9 | 10-12 | 13-15 | 16-18 || total
-------------------------+-------+-------+-------+-------+-------+-------++-------
Melee: Rapier            |    82 |   160 |   321 |   512 |   313 |       ||  1388
       Bite              |    22 |    39 |   111 |   164 |   545 |     8 ||   889
       Punch             |     1 |     3 |     3 |     9 |    24 |       ||    40
       Quick blade       |       |       |       |       |  1164 |    29 ||  1193
 Cast: Lee's Rapid Decon |       |       |       |       |     1 |       ||     1
Invok: Line Pass         |       |       |       |     2 |     2 |     1 ||     5
       Grand Finale      |       |       |       |       |     3 |       ||     3
       Stomp             |       |       |       |       |     2 |       ||     2
Evoke: Wand              |       |       |       |     4 |       |       ||     4
  Use: Scroll            |       |     3 |     2 |    13 |    15 |     2 ||    35
       Potion            |       |       |       |     1 |       |       ||     1
 Stab: Sleeping          |     2 |       |     1 |     2 |       |       ||     5
       Paralysed         |       |       |     9 |    38 |   108 |       ||   155
       Confused          |       |       |       |     3 |     2 |       ||     5
       Distracted        |       |       |       |     1 |     2 |       ||     3
Armor: Leather armour    |    27 |    30 |    57 |       |       |       ||   114
       Steam dragon scal |       |       |     3 |   105 |   150 |       ||   258
Dodge: Dodged            |    57 |   129 |   241 |   376 |   834 |     6 ||  1643

Table legend: (Time is in decaauts)
 A = Elapsed time spent in this place.
 B = Non-inter-level travel time spent in this place.
 C = Inter-level travel time spent in this place.
 D = Time resting spent in this place.
 E = Time spent auto-exploring this place.
 F = Levels seen in this place.
 G = Mean time per level.
                   A        B        C        D        E       F      G
               +--------+--------+--------+--------+--------+-----+--------+
         Total |  20890 |  18963 |   1927 |   1683 |  13294 |  24 |  870.4 |
       Dungeon |  13401 |  11804 |   1597 |   1281 |   8004 |  14 |  957.2 |
        Temple |    267 |    236 |     31 |      0 |    223 |   1 |  267.0 |
          Lair |   6031 |   5760 |    271 |    139 |   4496 |   6 | 1005.2 |
  Orcish Mines |    844 |    817 |     27 |     54 |    534 |   2 |  422.0 |
      Ice Cave |    344 |    344 |      0 |    209 |     36 |   1 |  344.0 |
               +--------+--------+--------+--------+--------+-----+--------+

Top non-repeatable levels by time:
    D:10: 1403 daAuts
     D:9: 1276 daAuts
  Lair:6: 1232 daAuts
    D:13: 1212 daAuts
  Lair:3: 1131 daAuts
  Lair:5: 1058 daAuts
     D:1: 1050 daAuts
    D:14: 1048 daAuts
     D:3: 1018 daAuts
    D:12: 974 daAuts
     D:6: 938 daAuts
  Lair:2: 917 daAuts
     D:4: 916 daAuts
     D:7: 915 daAuts
  Lair:4: 886 daAuts
